[Event "Titled Tuesday Blitz August 24 2021"]
[White "Girinath, P.D.S."]
[Black "Tsaruk, Maksim"]
[WhiteFideId "5000572"]
[BlackFideId "13511173"]
[WhiteElo "2333"]
[BlackElo "2184"]
[Result "1/2-1/2"]
[Round "05"]
[TimeControl "180+1"]
[Date "2021.08.24"]
[WhiteClock "0:00:04"]
[BlackClock "0:00:04"]

1. e4 e6 2. d3 d5 3. Nd2 Nf6 4. Ngf3 c5 5. g3 Nc6 6. Bg2 Be7 7. O-O O-O 8. Re1 h6 9. c3 a5 10. e5 Nd7 11. a4 b6 12. h4 Ba6 13. Nf1 b5 14. axb5 Bxb5 15. Bf4 Qb6 16. Ne3 Rfb8 17. Ng4 Bf8 18. h5 Ba6 19. Re2 a4 20. Qd2 Kh7 21. Rxa4 Bb5 22. Rxa8 Rxa8 23. Re1 Ra2 24. d4 cxd4 25. Nxd4 Nxd4 26. cxd4 Ba6 27. Rb1 Qb3 28. Bf1 Bb4 29. Qe3 Qxe3 30. Nxe3 Bxf1 31. Kxf1 Nb6 32. Ke2 Na4 33. Nd1 Bc3 34. Bc1 Bxd4 35. Kd3 Bxe5 36. f4 Bf6 37. Kc2 Nb6 38. Kb3 Ra8 39. Ne3 Rb8 40. Kc2 d4 41. Ng4 Be7 42. Kd3 Rd8 43. Ne5 f6 44. Nc6 Rd7 45. Nxe7 Rxe7 46. Kxd4 e5+ 47. Kc5 Na4+ 48. Kd6 Re8 49. fxe5 Rxe5 50. Bf4 Rxh5 51. b4 Nc3 52. Kc6 Nb5 53. Rc1 Nd4+ 54. Kd6 Rb5 55. Rc4 Nf5+ 56. Kc6 Rxb4 57. Rxb4 g5 58. Rb7+ Kg6 59. Bd6 h5 60. Kd5 h4 61. g4 Nh6 62. Rb4 f5 63. Bf8 Nxg4 64. Rb6+ Kh5 65. Bd6 h3 66. Rb8 f4 67. Rh8+ Nh6 68. Bf8 Kg4 69. Rxh6 Kg3 70. Bc5 h2 71. Bd6 Kg2 72. Ke4 h1=Q 73. Rxh1 Kxh1 74. Bxf4 gxf4 75. Kxf4 1/2-1/2


[Site "https://www.chess.com"]

[Event "Titled Tuesday Blitz August 24 2021"]
[White "Goryachkina, Aleksandra"]
[Black "Sjugirov, Sanan"]
[WhiteFideId "4147103"]
[BlackFideId "4189302"]
[WhiteElo "2441"]
[BlackElo "2472"]
[Result "0-1"]
[Round "05"]
[TimeControl "180+1"]
[Date "2021.08.24"]
[WhiteClock "0:00:01"]
[BlackClock "0:00:56"]

1. e4 c5 2. Nf3 Nf6 3. e5 Nd5 4. Nc3 Nxc3 5. dxc3 Nc6 6. Bf4 Qb6 7. Rb1 Qc7 8. Qd2 e6 9. Bd3 b6 10. Bg3 Bb7 11. Qf4 h6 12. Be4 g5 13. Qe3 Bg7 14. h4 g4 15. Nd2 Bxe5 16. Bxc6 Bxg3 17. Bxb7 Bf4 18. Qe2 Bxd2+ 19. Kxd2 Qxb7 20. Qxg4 Qd5+ 21. Kc1 h5 22. Qg7 O-O-O 23. Rd1 Qf5 24. Qg3 Rhg8 25. Qe3 Rxg2 26. b3 Rxf2 27. Rd2 Rf3 0-1


[Site "https://www.chess.com"]

[Event "Titled Tuesday Blitz August 24 2021"]
[White "Grachev, Boris"]
[Black "Tsyhanchuk, Stanislav"]
[WhiteFideId "4129199"]
[BlackFideId "13505130"]
[WhiteElo "2580"]
[BlackElo "2121"]
[Result "0-1"]
[Round "05"]
[TimeControl "180+1"]
[Date "2021.08.24"]
[WhiteClock "0:00:01"]
[BlackClock "0:00:05"]

1. d4 Nf6 2. Bf4 d5 3. e3 c5 4. dxc5 Nc6 5. Bb5 e6 6. b4 a5 7. c3 Bd7 8. Nd2 axb4 9. Bxc6 Bxc6 10. cxb4 Be7 11. a4 d4 12. Ngf3 Nd5 13. b5 dxe3 14. Bxe3 Nxe3 15. fxe3 Bxf3 16. Qxf3 Bxc5 17. O-O O-O 18. Ne4 Bb6 19. Rad1 Qe7 20. Rd3 Rxa4 21. Rfd1 Ra3 22. Nd6 Rxd3 23. Rxd3 Rd8 24. Qd1 Qd7 25. Qh5 Bc7 26. Nxf7 Qxf7 27. Rxd8+ Bxd8 28. Qc5 Qd7 29. g3 Qd5 30. Qc8 Kf7 31. Qc2 Bb6 0-1


[Site "https://www.chess.com"]

[Event "Titled Tuesday Blitz August 24 2021"]
[White "Gubajdullin, Alexei"]
[Black "Krysa, Leandro"]
[WhiteFideId "4141202"]
[BlackFideId "116807"]
[WhiteElo "2358"]
[BlackElo "2490"]
[Result "0-1"]
[Round "05"]
[TimeControl "180+1"]
[Date "2021.08.24"]
[WhiteClock "0:00:08"]
[BlackClock "0:00:13"]

1. d4 Nf6 2. Bf4 g6 3. e3 Bg7 4. Nf3 O-O 5. Be2 c5 6. O-O b6 7. a4 cxd4 8. exd4 a6 9. c3 d6 10. Nbd2 Nbd7 11. Nc4 Bb7 12. Nfd2 Bc6 13. Bf3 Qc8 14. Re1 Re8 15. h3 Qb7 16. Qb3 Bxf3 17. Nxf3 Qd5 18. Ra3 Rab8 19. Ne3 Qe4 20. Ng5 Qxf4 21. Qxf7+ Kh8 22. Qxg7+ Kxg7 23. Ne6+ Kf7 24. Nxf4 Rb7 25. Rb3 Reb8 26. Ned5 Nxd5 27. Nxd5 e6 28. Nb4 Ra8 29. Nd3 Nf6 30. h4 Nd5 31. g3 b5 32. Ra1 Rab8 33. axb5 axb5 34. Ra6 Ke7 35. Nb4 Nxb4 36. Rxb4 d5 37. Kg2 Rb6 38. Rxb6 Rxb6 39. h5 gxh5 40. Kh3 Kf6 41. Kh4 Kg6 42. f3 Rb8 43. f4 Rb7 44. b3 Rc7 45. Rxb5 Rxc3 46. Rb6 Re3 47. Rb8 Kf5 48. Rg8 Ke4 49. Rg5 Kxd4 50. Kxh5 Kc3 51. Kh6 d4 52. Rc5+ Kxb3 53. g4 d3 54. Rc1 Re4 55. Kxh7 Rxf4 56. g5 d2 57. Rd1 Kc2 58. Rxd2+ Kxd2 59. g6 Rg4 60. g7 Rxg7+ 61. Kxg7 e5 62. Kf6 e4 63. Kf5 e3 64. Kf4 e2 0-1


[Site "https://www.chess.com"]

[Event "Titled Tuesday Blitz August 24 2021"]
[White "Hjartarson, Johann"]
[Black "Koziol, Kamil"]
[WhiteFideId "2300044"]
[BlackFideId "1161555"]
[WhiteElo "2502"]
[BlackElo "2025"]
[Result "0-1"]
[Round "05"]
[TimeControl "180+1"]
[Date "2021.08.24"]
[WhiteClock "0:00:01"]
[BlackClock "0:00:05"]

1. c4 e5 2. Nc3 f5 3. g3 d6 4. Bg2 Nf6 5. e3 Be7 6. Nge2 O-O 7. O-O Qe8 8. d4 Qh5 9. b3 f4 10. exf4 Bh3 11. f3 Nbd7 12. Be3 e4 13. Nxe4 Nxe4 14. fxe4 Nf6 15. Nc3 Ng4 16. Bxh3 Qxh3 17. Qd2 Bh4 18. Rae1 Bf6 19. e5 dxe5 20. fxe5 Be7 21. Nd5 Ba3 22. b4 c6 23. Nf4 Rxf4 24. Rxf4 Bxb4 25. Qxb4 Qxh2+ 26. Kf1 g5 27. Rxg4 Rf8+ 28. Qxf8+ Kxf8 29. Rxg5 h6 30. Rf5+ Ke7 31. Rf6 h5 32. d5 cxd5 33. cxd5 Qxg3 34. Bc5+ Ke8 35. Re3 Qg4 36. Rf8+ Kd7 37. e6+ Kc7 38. Rf7+ Kc8 39. e7 Qc4+ 40. Kg1 Qg4+ 41. Kf2 Qh4+ 42. Ke2 Qc4+ 43. Kd2 Qxd5+ 44. Rd3 Qxa2+ 45. Kd1 Qa1+ 46. Ke2 Qa2+ 47. Ke3 Qe6+ 48. Kd2 Qa2+ 49. Kc3 Qa1+ 0-1


[Site "https://www.chess.com"]

[Event "Titled Tuesday Blitz August 24 2021"]
[White "Idani, Pouya"]
[Black "Matveev, Vladimir"]
[WhiteFideId "12510130"]
[BlackFideId "24130753"]
[WhiteElo "2610"]
[BlackElo "2354"]
[Result "1-0"]
[Round "05"]
[TimeControl "180+1"]
[Date "2021.08.24"]
[WhiteClock "0:00:55"]
[BlackClock "0:00:15"]

1. e4 c5 2. Nf3 d6 3. d4 cxd4 4. Nxd4 Nf6 5. Nc3 a6 6. h3 e5 7. Nde2 h5 8. Bg5 Be6 9. Ng3 h4 10. Nh5 Nbd7 11. Be2 Qb6 12. Nxf6+ gxf6 13. Bd2 Bh6 14. Bxh6 Rxh6 15. Qd2 Rg6 16. Bf3 O-O-O 17. O-O-O Nc5 18. Qe3 Qa5 19. a3 Na4 20. Nd5 Qb5 21. b3 Nc5 22. Ne7+ Kb8 23. Nxg6 fxg6 24. Be2 Qb6 25. b4 Na4 26. Qxb6 Nxb6 27. Kb2 g5 28. Rd2 Kc7 29. Rhd1 Nc8 30. Rd3 Rf8 31. Rc3+ Kd7 32. a4 Nb6 33. Ka3 Rd8 34. a5 Nc8 35. b5 1-0


[Site "https://www.chess.com"]

[Event "Titled Tuesday Blitz August 24 2021"]
[White "Iskusnyh, Sergei"]
[Black "Lazavik, Denis"]
[WhiteFideId "4120027"]
[BlackFideId "13515110"]
[WhiteElo "2492"]
[BlackElo "2436"]
[Result "1-0"]
[Round "05"]
[TimeControl "180+1"]
[Date "2021.08.24"]
[WhiteClock "0:00:20"]
[BlackClock "0:00:01"]

1. d4 Nf6 2. c4 e6 3. g3 d5 4. Bg2 Be7 5. Nf3 O-O 6. O-O dxc4 7. Qa4 a6 8. Qxc4 b5 9. Qc2 Bb7 10. Bd2 Be4 11. Qc1 Nc6 12. Be3 Nb4 13. Nc3 Bb7 14. Rd1 Nbd5 15. Nxd5 Nxd5 16. Bg5 Rc8 17. Bxe7 Qxe7 18. Qc5 Qxc5 19. dxc5 Rfd8 20. a3 Kf8 21. Rd2 Ke7 22. Rad1 Nf6 23. Ne5 Bxg2 24. Kxg2 Rd5 25. Nc6+ Ke8 26. f3 Ra8 27. b4 Rxd2 28. Rxd2 Nd5 29. e4 Ne3+ 30. Kf2 Nc4 31. Rd3 a5 32. g4 axb4 33. axb4 g5 34. Kg3 f6 35. h4 h6 36. hxg5 hxg5 37. Rd1 Ne5 38. Nxe5 fxe5 39. c6 Rd8 40. Rc1 Rd4 41. Rc5 Rxb4 42. Rxe5 Ke7 43. Rxg5 Rb1 44. e5 Kf7 45. Rh5 Kg7 46. Rh2 Rc1 47. Rb2 Rc5 48. f4 Kg6 49. Kh4 Kh6 50. Rb1 Kg6 51. Rb2 Kh6 52. g5+ Kg6 53. Kg4 Rxc6 54. Rxb5 Rc1 55. Rb8 Rg1+ 56. Kf3 Rf1+ 57. Ke3 Kh5 58. Rf8 c5 59. Rf6 Kg4 60. g6 Kh5 61. Rxe6 c4 62. Rf6 c3 63. Kd3 1-0


[Site "https://www.chess.com"]

[Event "Titled Tuesday Blitz August 24 2021"]
[White "Jakubowski, Krzysztof"]
[Black "Postny, Evgeny"]
[WhiteFideId "1112848"]
[BlackFideId "2804344"]
[WhiteElo "2414"]
[BlackElo "2521"]
[Result "0-1"]
[Round "05"]
[TimeControl "180+1"]
[Date "2021.08.24"]
[WhiteClock "0:00:02"]
[BlackClock "0:00:11"]

1. e4 e5 2. Nf3 Nc6 3. Bc4 Nf6 4. d3 Be7 5. O-O d6 6. a4 O-O 7. h3 Na5 8. Ba2 c5 9. Nbd2 Be6 10. Nc4 Nxc4 11. Bxc4 Bxc4 12. dxc4 Nxe4 13. Qd5 Nf6 14. Qxb7 Rb8 15. Qxa7 Qc8 16. Qxe7 Qc6 17. Bg5 Ne4 18. Rfe1 Rfe8 19. Rxe4 Rxe7 20. Bxe7 Qxe4 21. Bxd6 Rxb2 22. Bxe5 Rxc2 23. Rd1 h6 24. Rd8+ Kh7 25. Rd7 Qxc4 26. a5 Ra2 27. Ra7 Qe6 28. Kh2 Rxf2 29. a6 Ra2 30. Ra8 Rxa6 31. Rb8 Rc6 32. Bg3 Rc8 33. Rb2 c4 34. Rc2 c3 35. Nd4 Qe4 36. Bf2 Rc4 37. Re2 Rxd4 0-1


[Site "https://www.chess.com"]

[Event "Titled Tuesday Blitz August 24 2021"]
[White "Jobava, Baadur"]
[Black "Andreikin, Dmitry"]
[WhiteFideId "13601520"]
[BlackFideId "4158814"]
[WhiteElo "2748"]
[BlackElo "2782"]
[Result "1-0"]
[Round "05"]
[TimeControl "180+1"]
[Date "2021.08.24"]
[WhiteClock "0:00:23"]
[BlackClock "0:00:10"]

1. e4 c5 2. c4 Nc6 3. Ne2 e5 4. Nbc3 d6 5. g3 g6 6. Bg2 Bg7 7. d3 Nge7 8. O-O O-O 9. Nd5 Nxd5 10. cxd5 Nd4 11. Nxd4 cxd4 12. Qb3 Qb6 13. Qxb6 axb6 14. Bd2 Bd7 15. Bb4 Bb5 16. Bxd6 Bxd3 17. Rfd1 Rfd8 18. Bxe5 Bxe4 19. Bxg7 Bxg2 20. Kxg2 Kxg7 21. Rxd4 Ra5 22. d6 Kf6 23. a4 Ke6 24. Rad1 Re5 25. Kf3 b5 26. a5 Rf5+ 27. Ke3 Re5+ 28. Kf3 Rf5+ 29. Kg2 Re5 30. h4 h5 31. R1d2 Rd7 32. b4 Re1 33. Kf3 Re5 34. R2d3 Rf5+ 35. Ke2 Re5+ 36. Kd2 Kf6 37. Rd5 Ke6 38. R5d4 Kf6 39. f4 Rf5 40. Ke3 Kg7 41. Rd5 Kf6 42. Rxf5+ Kxf5 43. Rd5+ Kg4 44. Kf2 Kh3 45. Kf3 f5 46. Rd2 1-0


[Site "https://www.chess.com"]

[Event "Titled Tuesday Blitz August 24 2021"]
[White "Kadric, Denis"]
[Black "Zhigalko, Sergei"]
[WhiteFideId "14403803"]
[BlackFideId "13502956"]
[WhiteElo "2449"]
[BlackElo "2662"]
[Result "0-1"]
[Round "05"]
[TimeControl "180+1"]
[Date "2021.08.24"]
[WhiteClock "0:00:12"]
[BlackClock "0:00:04"]

1. d3 d5 2. Nd2 e5 3. e4 Nf6 4. Ngf3 Nc6 5. c3 a5 6. Be2 Bc5 7. O-O O-O 8. h3 Re8 9. Re1 h6 10. exd5 Qxd5 11. Nf1 Be6 12. Be3 Rad8 13. N3d2 Bf8 14. Qa4 Qd7 15. Ne4 Nxe4 16. dxe4 Nd4 17. Qxd7 Nxe2+ 18. Rxe2 Rxd7 19. Rd2 Red8 20. Rxd7 Rxd7 21. Nd2 a4 22. Kf1 b5 23. a3 f6 24. Ke2 Kf7 25. Rc1 c6 26. f3 h5 27. g4 g6 28. Ke1 Be7 29. Rd1 f5 30. exf5 gxf5 31. gxh5 Bh4+ 32. Ke2 f4 33. Bg1 Bf5 34. Ne4 Rxd1 35. Kxd1 Bxh3 36. Ke2 Bf5 37. Bc5 Ke6 38. Bf8 Bxe4 39. fxe4 Kf7 40. Bd6 Ke6 41. Bc5 Bg5 42. Kf3 Bh6 43. Kg4 Kf6 44. Bf2 Ke6 45. Bh4 Kf7 46. Kf5 f3 47. Kg4 Bc1 48. Kxf3 Bxb2 49. Be1 Bxa3 50. Kg4 Bb2 0-1


[Site "https://www.chess.com"]

[Event "Titled Tuesday Blitz August 24 2021"]
[White "Karttunen, Mika"]
[Black "Hovhannisyan, Robert"]
[WhiteFideId "502081"]
[BlackFideId "13302507"]
[WhiteElo "2343"]
[BlackElo "2669"]
[Result "0-1"]
[Round "05"]
[TimeControl "180+1"]
[Date "2021.08.24"]
[WhiteClock "0:00:02"]
[BlackClock "0:00:28"]

1. e4 Nc6 2. Nf3 d5 3. Nc3 Nf6 4. e5 Nd7 5. d4 Nb6 6. h3 Bf5 7. a3 e6 8. b3 Be7 9. Bd3 Bg6 10. O-O a5 11. Bb2 a4 12. Bb5 axb3 13. cxb3 O-O 14. Re1 Na7 15. Bd3 c5 16. Bxg6 hxg6 17. Qd2 Nc6 18. Nb5 c4 19. b4 Na4 20. Nc3 Nxc3 21. Bxc3 b5 22. g3 Ra4 23. Kg2 Qa8 24. Bb2 Rc8 25. h4 Kf8 26. Rh1 Ke8 27. h5 gxh5 28. Rxh5 Nxb4 29. Rh8+ Kd7 30. Rxc8 Kxc8 31. Qf4 Nd3 32. Qxf7 Kd7 33. Bc1 Qf8 34. Qg6 Nxc1 35. Rxc1 Rxa3 36. Nh2 b4 37. Ng4 b3 38. Rb1 Ra2 39. Rf1 b2 40. Qc2 Qf5 41. Ne3 Qxc2 42. Nxc2 b1=Q 0-1


[Site "https://www.chess.com"]

[Event "Titled Tuesday Blitz August 24 2021"]
[White "Kim, Sergey"]
[Black "Urazayev, Arystanbek"]
[WhiteFideId "13700570"]
[BlackFideId "13709810"]
[WhiteElo "2476"]
[BlackElo "2321"]
[Result "0-1"]
[Round "05"]
[TimeControl "180+1"]
[Date "2021.08.24"]
[WhiteClock "0:00:02"]
[BlackClock "0:01:31"]

1. d4 d5 2. c4 e6 3. Nc3 Nf6 4. Nf3 a6 5. cxd5 exd5 6. Bg5 Be6 7. e3 Nbd7 8. Bd3 c6 9. Qc2 Bd6 10. O-O Qc7 11. e4 dxe4 12. Nxe4 Nxe4 13. Bxe4 h6 14. Bh4 O-O 15. Rfe1 Rfe8 16. a3 Nb6 17. Bg3 Bxg3 18. hxg3 Nd5 19. Ne5 Rad8 20. Rad1 Nf6 21. Bf5 Qb6 22. Bxe6 Rxe6 23. Nf3 Rde8 24. Re5 Nd5 25. Rde1 Nc7 26. R1e4 Rd8 27. Rg4 Rxe5 28. dxe5 Ne6 29. b4 Rd5 30. Kh2 Qd8 31. Qf5 Rd1 32. Qc2 Qd5 33. Nh4 Qd3 34. Qxd3 Rxd3 35. a4 Ra3 36. a5 c5 37. bxc5 Nxc5 38. Nf5 Ne6 39. Nxh6+ Kf8 40. Nf5 Rxa5 41. Rc4 Rc5 42. Rxc5 Nxc5 43. f4 a5 44. Kg1 a4 45. Nd4 a3 46. Nc2 a2 0-1


[Site "https://www.chess.com"]

[Event "Titled Tuesday Blitz August 24 2021"]
[White "Kobalia, Mikhail"]
[Black "Borsuk, Konstantin"]
[WhiteFideId "4119150"]
[BlackFideId "14113406"]
[WhiteElo "2569"]
[BlackElo "2382"]
[Result "1-0"]
[Round "05"]
[TimeControl "180+1"]
[Date "2021.08.24"]
[WhiteClock "0:01:02"]
[BlackClock "0:00:14"]

1. e4 e6 2. d3 d5 3. Nd2 c5 4. Ngf3 Nc6 5. g3 g6 6. Bg2 Bg7 7. O-O Nge7 8. Re1 Qc7 9. Qe2 b6 10. h4 Bb7 11. e5 h6 12. Nf1 O-O-O 13. N1h2 Kb8 14. Ng4 d4 15. a3 Nd5 16. Bd2 Ba6 17. Reb1 h5 18. Nf6 Bb7 19. Nxd5 exd5 20. Bf4 Ka8 21. e6 Qe7 22. Bg5 f6 23. Bf4 Rhe8 24. Bh3 Bc8 25. Re1 Kb7 26. b4 cxb4 27. axb4 Qxb4 28. Qd1 Re7 29. Rb1 Qc5 30. Rb3 Rde8 31. Bc1 a5 32. Ba3 Nb4 33. Bxb4 axb4 34. Qb1 Bxe6 35. Bxe6 Rxe6 36. Rxe6 Rxe6 37. Rxb4 f5 38. Rb5 Qc6 39. Qb3 f4 40. Qxd5 fxg3 41. fxg3 Ka6 42. Qxc6 Rxc6 43. Rb2 b5 44. Ng5 Bh6 45. Ne4 Ka5 46. Kf2 b4 47. Ra2+ Kb5 48. Ke2 Rc7 49. Kd1 Rf7 50. Nd6+ 1-0


[Site "https://www.chess.com"]

[Event "Titled Tuesday Blitz August 24 2021"]
[White "Kononenko, Dmitry"]
[Black "Pires, Marcos Vinicius Torsani"]
[WhiteFideId "14113538"]
[BlackFideId "2118939"]
[WhiteElo "2276"]
[BlackElo "2273"]
[Result "1-0"]
[Round "05"]
[TimeControl "180+1"]
[Date "2021.08.24"]
[WhiteClock "0:00:31"]
[BlackClock "0:00:07"]

1. e4 c6 2. d4 d5 3. e5 Bf5 4. Nc3 e6 5. g4 Bg6 6. Nge2 Ne7 7. h4 h6 8. Nf4 Bh7 9. g5 Bf5 10. Rg1 Nd7 11. Bd3 g6 12. h5 hxg5 13. Nfe2 Rxh5 14. Ng3 Rh8 15. Bxg5 Qb6 16. Qd2 O-O-O 17. Bxf5 gxf5 18. O-O-O Re8 19. Rh1 Rxh1 20. Rxh1 c5 21. Na4 Qc6 22. b3 cxd4 23. Qxd4 b6 24. Rh7 Ng6 25. f4 Be7 26. Bxe7 Rxe7 27. Nb2 Kb7 28. Nd3 Nc5 29. Nb4 Qb5 30. Nxf5 Qf1+ 31. Kb2 exf5 32. Qxd5+ Kc8 33. Qa8+ Kc7 34. Nd5+ Kd7 35. Qxa7+ Ke6 36. Nxe7 Nxe7 37. Qxb6+ Kd5 38. Qd6+ Ke4 39. Qxc5 Ng6 40. Rxf7 Nxf4 41. Qc6+ Ke3 42. e6 Qe2 43. Qc3+ Ke4 44. e7 Nd5 45. Qc4+ Kf3 46. Qxe2+ Kxe2 47. e8=Q+ 1-0


[Site "https://www.chess.com"]

[Event "Titled Tuesday Blitz August 24 2021"]
[White "Kovalev, Vladislav"]
[Black "Sydoryka, Vladyslav"]
[WhiteFideId "13504398"]
[BlackFideId "14145928"]
[WhiteElo "2573"]
[BlackElo "2217"]
[Result "1-0"]
[Round "05"]
[TimeControl "180+1"]
[Date "2021.08.24"]
[WhiteClock "0:01:45"]
[BlackClock "0:00:15"]

1. e4 c6 2. Nf3 d5 3. d3 g6 4. Nbd2 Bg7 5. g3 e5 6. Bg2 Ne7 7. O-O O-O 8. Re1 dxe4 9. Rxe4 Bf5 10. Re1 Nd7 11. Nc4 Qc7 12. d4 Rad8 13. Qe2 e4 14. Bf4 exf3 15. Qxe7 Qxf4 16. gxf4 fxg2 17. c3 Be6 18. Rxe6 fxe6 19. Qxe6+ Kh8 20. Nd6 h6 21. Nf7+ Rxf7 22. Qxf7 Nf6 1-0


[Site "https://www.chess.com"]

[Event "Titled Tuesday Blitz August 24 2021"]
[White "Kowalczyk, Pawel"]
[Black "Holt, Conrad"]
[WhiteFideId "1130641"]
[BlackFideId "2034387"]
[WhiteElo "2325"]
[BlackElo "2586"]
[Result "0-1"]
[Round "05"]
[TimeControl "180+1"]
[Date "2021.08.24"]
[WhiteClock "0:01:00"]
[BlackClock "0:01:15"]

1. a3 d5 2. b4 e5 3. Bb2 Nd7 4. e3 Ngf6 5. Nf3 Bd6 6. c4 e4 7. Nd4 dxc4 8. Bxc4 Ne5 9. Be2 Bg4 10. O-O h5 11. h3 Nd3 12. Bc3 Qd7 13. hxg4 hxg4 14. g3 O-O-O 15. Kg2 Rh3 16. Nf5 Qxf5 17. Bxf6 Rdh8 18. Bh4 R8xh4 19. gxh4 Rh2+ 20. Kg1 Nxf2 21. Bxg4 Nh3+ 22. Bxh3 Qxh3 23. Qg4+ 0-1


[Site "https://www.chess.com"]

[Event "Titled Tuesday Blitz August 24 2021"]
[White "Krivonosov, Oleg"]
[Black "ketster"]
[WhiteFideId "11600349"]
[WhiteElo "2469"]
[BlackElo "2489"]
[Result "1-0"]
[Round "05"]
[TimeControl "180+1"]
[Date "2021.08.24"]
[WhiteClock "0:00:55"]
[BlackClock "0:00:03"]

1. Nf3 Nf6 2. c4 e6 3. g3 d5 4. d4 Bb4+ 5. Bd2 Be7 6. Bg2 O-O 7. O-O Nbd7 8. Qc2 c6 9. Bf4 Ne4 10. Nc3 f5 11. Ne5 g5 12. Nxd7 Bxd7 13. Be5 Bf6 14. Nxe4 fxe4 15. Bxf6 Qxf6 16. Rad1 g4 17. f4 Be8 18. e3 Bg6 19. c5 h5 20. Rfe1 h4 21. b4 Rf7 22. a4 Rh7 23. b5 Be8 24. Rb1 hxg3 25. hxg3 Qh6 26. Kf2 Qg6 27. Rh1 Kg7 28. Rxh7+ Qxh7 29. Rh1 Qg6 30. Qb2 Bd7 31. Qb4 Qe8 32. Rb1 a5 33. bxa6 Rxa6 34. Qxb7 Rxa4 35. Rb2 Ra8 36. Qc7 Qd8 37. Qe5+ Qf6 38. Qd6 Rd8 39. Rb7 Qf7 40. Bf1 Kg6 41. Qe5 Qf6 42. Qc7 Qe7 43. Be2 Kg7 44. Bxg4 Kg6 45. Be2 Kg7 46. Qe5+ Qf6 47. g4 Qxe5 48. dxe5 Kg6 49. Rc7 Kg7 50. f5 Kf7 51. f6 Kg6 52. Kg3 Be8 53. Rg7+ Kh6 54. g5# 1-0


[Site "https://www.chess.com"]

[Event "Titled Tuesday Blitz August 24 2021"]
[White "Maiorov, Nikita"]
[Black "Weetik, Vjacheslav"]
[WhiteFideId "13501720"]
[BlackFideId "4153472"]
[WhiteElo "2440"]
[BlackElo "2469"]
[Result "0-1"]
[Round "05"]
[TimeControl "180+1"]
[Date "2021.08.24"]
[WhiteClock "0:00:01"]
[BlackClock "0:00:47"]

1. d4 Nf6 2. c4 g6 3. g3 c6 4. Bg2 d5 5. e3 Bg7 6. Ne2 O-O 7. O-O Nbd7 8. b3 e5 9. dxe5 Nxe5 10. Ba3 Re8 11. cxd5 Nxd5 12. Nd4 Bg4 13. Qc2 Rc8 14. Nd2 c5 15. Nb5 Nb4 16. Bxb4 cxb4 17. Nc4 Nxc4 18. bxc4 Bxa1 19. Rxa1 Qf6 20. Nd4 b6 21. Qb3 a5 22. h3 Be6 23. Rc1 Rc5 24. a3 Rec8 25. Bf1 b5 26. axb4 bxc4 27. Qc3 axb4 28. Qxb4 Bd5 29. Qc3 Kg7 30. Re1 Re8 31. e4 Rxe4 0-1


[Site "https://www.chess.com"]

[Event "Titled Tuesday Blitz August 24 2021"]
[White "Maksimovic, Bojan"]
[Black "Janaszak, Dawid"]
[WhiteFideId "14408120"]
[BlackFideId "1119206"]
[WhiteElo "2439"]
[BlackElo "2332"]
[Result "1-0"]
[Round "05"]
[TimeControl "180+1"]
[Date "2021.08.24"]
[WhiteClock "0:00:14"]
[BlackClock "0:00:38"]

1. e4 c6 2. Bc4 d5 3. Bb3 e6 4. d4 dxe4 5. Nc3 Nf6 6. f3 e3 7. Bxe3 Bd6 8. Nge2 O-O 9. Qd2 b5 10. Ne4 Nd5 11. Nxd6 Qxd6 12. Bf2 Bb7 13. Bg3 Qe7 14. O-O Nd7 15. Rae1 Rfe8 16. c3 c5 17. Bc2 c4 18. Nf4 Qg5 19. Rd1 N7f6 20. Rfe1 Nd7 21. Be4 N7b6 22. Nxd5 Qxd2 23. Nf6+ gxf6 24. Rxd2 Nd5 25. Rde2 Kg7 26. a3 a6 27. f4 f5 28. Bxf5 Bc6 29. Be4 a5 30. f5 exf5 31. Bxd5 Rxe2 32. Bxc6 Rxe1+ 33. Bxe1 Rb8 34. Kf2 Kf6 35. Bd2 Ke6 36. Bf4 Rb6 37. d5+ Ke7 38. Bc7 Ra6 39. d6+ 1-0


[Site "https://www.chess.com"]

[Event "Titled Tuesday Blitz August 24 2021"]
[White "Maly, Alexey"]
[Black "Pastar, Slaven"]
[WhiteFideId "14103184"]
[BlackFideId "14402718"]
[WhiteElo "2250"]
[BlackElo "2150"]
[Result "1-0"]
[Round "05"]
[TimeControl "180+1"]
[Date "2021.08.24"]
[WhiteClock "0:01:35"]
[BlackClock "0:00:24"]

1. e4 e6 2. d3 b6 3. Nf3 Bb7 4. g3 d5 5. Nbd2 dxe4 6. dxe4 Nf6 7. Qe2 Ba6 8. c4 Bb4 9. Bg2 Bb7 10. O-O O-O 11. e5 Nfd7 12. Ne4 Be7 13. Rd1 Qc8 14. h4 Na6 15. Bg5 Bxg5 16. hxg5 Nac5 17. Nf6+ gxf6 18. gxf6 Kh8 19. Ng5 Bxg2 20. Qh5 Be4 21. Qh6 Nxf6 22. exf6 1-0


[Site "https://www.chess.com"]

[Event "Titled Tuesday Blitz August 24 2021"]
[White "Manukyan, Sargis A."]
[Black "Ibrahimli, Murad"]
[WhiteFideId "13303970"]
[BlackFideId "13410229"]
[WhiteElo "2187"]
[BlackElo "2109"]
[Result "0-1"]
[Round "05"]
[TimeControl "180+1"]
[Date "2021.08.24"]
[WhiteClock "0:01:33"]
[BlackClock "0:01:22"]

1. d4 Nf6 2. c4 g6 3. Nc3 d5 4. Bf4 Bg7 5. e3 O-O 6. Rc1 c5 7. dxc5 Be6 8. Nf3 Nc6 9. Ng5 Bg4 10. f3 e5 11. cxd5 exf4 12. dxc6 Qe7 13. Qe2 Bc8 14. e4 bxc6 15. Qf2 h6 16. Nh3 Bxh3 17. gxh3 Nd7 18. Na4 Ne5 19. Be2 Rfd8 20. O-O Nd3 21. Bxd3 Bd4 22. Bc4 Bxf2+ 23. Rxf2 Rd4 24. b3 Rad8 25. Rcc2 Rd1+ 26. Rf1 Rxf1+ 27. Kxf1 Qh4 28. Kg2 Qe1 29. Re2 Rd2 30. Nc3 Qc1 31. Rxd2 Qxd2+ 32. Ne2 Qxa2 33. Kf1 Qd2 34. h4 Qe3 35. Kg2 g5 36. hxg5 hxg5 37. h3 Qxc5 38. h4 gxh4 39. Nxf4 Qg5+ 0-1


[Site "https://www.chess.com"]

[Event "Titled Tuesday Blitz August 24 2021"]
[White "Materia, Marco"]
[Black "Chen, Max"]
[WhiteFideId "45150451"]
[BlackFideId "2622440"]
[WhiteElo "2667"]
[BlackElo "2454"]
[Result "1-0"]
[Round "05"]
[TimeControl "180+1"]
[Date "2021.08.24"]
[WhiteClock "0:00:56"]
[BlackClock "0:00:20"]

1. d4 Nf6 2. c4 g6 3. Nc3 d5 4. cxd5 Nxd5 5. e4 Nxc3 6. bxc3 Bg7 7. Nf3 O-O 8. Be3 c5 9. Qd2 Qa5 10. Rb1 a6 11. Rc1 Rd8 12. Be2 Nc6 13. d5 Bg4 14. c4 Nb4 15. a3 Bxf3 16. axb4 cxb4 17. gxf3 Bc3 18. Rxc3 bxc3 19. Qc2 b5 20. c5 b4 21. O-O Rab8 22. Rb1 Qa3 23. Bc4 Rdc8 24. c6 a5 25. Ba6 b3 26. Qxc3 Qa2 27. Rb2 Qa1+ 28. Kg2 a4 29. d6 a3 30. Rxb3 Qxc3 31. Rxc3 a2 32. Bxc8 Rxc8 33. d7 1-0


[Site "https://www.chess.com"]

[Event "Titled Tuesday Blitz August 24 2021"]
[White "Mirzoev, Azer"]
[Black "Vazquez, Facundo"]
[WhiteFideId "13400304"]
[BlackFideId "3007669"]
[WhiteElo "2525"]
[BlackElo "1984"]
[Result "0-1"]
[Round "05"]
[TimeControl "180+1"]
[Date "2021.08.24"]
[WhiteClock "0:00:01"]
[BlackClock "0:01:13"]

1. d4 Nf6 2. c4 g6 3. Nc3 Bg7 4. e4 O-O 5. f3 d6 6. Be3 c5 7. Nge2 Nc6 8. Qd2 Qa5 9. d5 Ne5 10. Nc1 e6 11. Be2 exd5 12. cxd5 a6 13. O-O b5 14. h3 b4 15. Nd1 Bd7 16. Nb3 Qb6 17. Nf2 Bb5 18. Rac1 Ned7 19. Rfe1 a5 20. Bxb5 Qxb5 21. Qe2 Qxe2 22. Rxe2 a4 23. Nd2 Nb6 24. Nd3 Nfd7 25. f4 Rfe8 26. Kf2 Rac8 27. Kf3 f5 28. exf5 gxf5 29. Nc4 Nxc4 30. Rxc4 Nb6 31. Rc1 Nxd5 32. Bd2 Rxe2 33. Kxe2 Re8+ 34. Kf3 Nf6 35. g4 Ne4 36. Be3 fxg4+ 37. hxg4 Nf6 38. g5 Nd5 39. Bd2 Ne7 40. Kg4 Nc6 41. f5 Re4+ 42. Kf3 Rd4 43. Ke2 Be5 44. Nxe5 Nxe5 45. f6 Re4+ 46. Kd1 Nd3 47. Rb1 c4 48. Kc2 d5 49. Rf1 d4 50. b3 axb3+ 51. axb3 Ne5 52. bxc4 Re2 53. Kd1 d3 54. Bxb4 Rb2 0-1


[Site "https://www.chess.com"]